 Dungeon Sprint DCSS version 0.29-a0-284-gf9362112df (webtiles) character file.

Game seed: 14493731750555990118

9 mhtbhm the Chopper (level 2, -2/42 HPs)
             Began as a Minotaur Berserker on Mar 20, 2022.
             Was a Follower of Trog.
             Slain by a tarantella (10 damage)
             ... in the Dungeon (Sprint VII: "The Pits").
             The game lasted 00:00:03 (19 turns).

mhtbhm the Chopper (Minotaur Berserker)               Turns: 19, Time: 00:00:04

Health: -2/42      AC:  2    Str: 21    XL:     2   Next: 6%
Magic:  1/1        EV: 12    Int:  4    God:    Trog [*.....]
Gold:   0          SH:  0    Dex:  9    Spells: 1/1 levels left

rFire   . . .      SeeInvis .   a - +0 hand axe
rCold   . . .      Faith    .   (no shield)
rNeg    . . .      Spirit   .   b - +0 animal skin
rPois   .          Reflect  .   (helmet restricted)
rElec   .          Harm     .   (no cloak)
rCorr   .          Rampage  .   (no gloves)
Will    .....      NoTele   +   (no boots)
Stlth   ..........              (no amulet)
HPRegen 0.14/turn               (no ring)
MPRegen 0.07/turn               (no ring)

@: berserking, very quick
A: horns 2, retaliatory headbutt
a: Renounce Religion, Berserk


You were in the Dungeon.
You worshipped Trog.
Trog was aware of your devotion.
You visited 1 branch

Inventory:

Hand Weapons
 a - a +0 hand axe (weapon)
Armour
 b - a +0 animal skin (worn)
Scrolls
 h - a scroll of blinking
Potions
 c - a potion of curing
 d - a potion of heal wounds
 e - a potion of haste
 f - 2 potions of magic
 g - a potion of berserk rage


   Skills:
 + Level 4.8 Fighting
 + Level 4.8 Axes
 + Level 2.9 Armour
 + Level 2.6 Dodging


You had one spell level left.
You didn't know any spells.
Your spell library was empty.

Dungeon Overview and Level Annotations

Branches:
Dungeon (1/1)

Altars:


Innate Abilities, Weirdness & Mutations

You have a pair of horns on your head.
You reflexively headbutt those who attack you in melee.


Message History

A gnoll comes into view. It is wielding a +0 spear.
The gnoll shouts!
You hear a shout!
A gnoll comes into view. It is wielding a +0 club.
A gnoll sergeant comes into view. It is wielding a +0 spear.
The gnoll shouts!
A freezing wraith comes into view.
A tarantella comes into view.
There is a huge open gate to the Metal Vault (Medium) here.
A red film seems to cover your vision as you go berserk!
You feel yourself moving faster!
You feel mighty!
The tarantella hisses angrily.
A gnoll comes into view. It is wielding a +0 club.
The gnoll hits you from afar with a +0 spear.
A gnoll comes into view. It is wielding a +0 spear.
You feel a strong urge to attack something.
The gnoll shouts! x2
There is a huge open gate to the Metal Vault (Medium) here.
You slash the gnoll!
You kill the gnoll!
Trog accepts your kill.
Your Fighting skill increases to level 4!
Your Axes skill increases to level 4!
You have reached level 2!
Unknown command.
You see here a +0 spear.
You hit the gnoll sergeant.
The gnoll sergeant is lightly wounded.
The gnoll sergeant hits you with a +0 spear!
Unknown command.
You hit the gnoll sergeant.
The gnoll sergeant is moderately wounded.
You closely miss the tarantella. The tarantella barely misses you.
You furiously retaliate!
You headbutt the tarantella!
The gnoll sergeant hits you with a +0 spear!
* * * LOW HITPOINT WARNING * * *
Unknown command.
You slash the tarantella!
You headbutt the tarantella, but do no damage.
The tarantella is severely wounded.
You closely miss the gnoll sergeant. The tarantella touches you!
You die...

#................#
#......#..#......#
#................+
+................+
#......#..#......#
#................#
####'#####''######
#.......##''#
#.......##@.#
#.......##gs#
#...<...##gW#
#.......##g.#
#.......##g.#
#.......##...
##########...
#...#


You could see a freezing wraith, a tarantella, a gnoll sergeant and 3 gnolls.

Vanquished Creatures
  A gnoll (D)
1 creature vanquished.

Notes
Turn   | Place    | Note
-------+----------+-------------------------------------------
     0 | D        | mhtbhm the Minotaur Berserker began the quest for the Orb.
     0 | D        | Reached XP level 1. HP: 19/19 MP: 0/0
    11 | D        | Noticed a gnoll sergeant
    12 | D        | Noticed a freezing wraith
    12 | D        | Noticed a tarantella
    16 | D        | Reached XP level 2. HP: 28/28 MP: 1/1
    19 | D        | Slain by a tarantella

Illustrated notes

Levels and vault maps discovered:
D:        pitsprint [storerooms_1, entrance_room_1, metal_vault_3, armoury_1,
          mini_pit_1, grid_room_1, main_hall_1, silver_pit, the_coven_3,
          the_vestibule_1, steel_vault_5, golden_pit, hallway_of_sentries,
          crystal_vault_4, iron_vault_1, final_vault]

Skill      XL: |  1 |
---------------+----+-----
Fighting       | 4 |  4.8
Axes           | 4 |  4.8
Armour         | |  2.9
Dodging        | |  2.6

Action                   || total
-------------------------++-------
Melee: Hand axe          ||     4
       Headbutt          ||     1
Invok: Berserk           ||     1
Dodge: Dodged            ||     1

Table legend: (Time is in decaauts)
 A = Elapsed time spent in this place.
 B = Non-inter-level travel time spent in this place.
 C = Inter-level travel time spent in this place.
 D = Time resting spent in this place.
 E = Time spent auto-exploring this place.
 F = Levels seen in this place.
 G = Mean time per level.
                   A        B        C        D        E       F      G
               +--------+--------+--------+--------+--------+-----+--------+
         Total |     17 |     17 |      0 |      0 |     11 |   1 |   17.0 |
       Dungeon |     17 |     17 |      0 |      0 |     11 |   1 |   17.0 |
               +--------+--------+--------+--------+--------+-----+--------+

Top non-repeatable levels by time:
       D: 17 daAuts
